 Dungeon Crawl Stone Soup version 0.19.0-2-gae57169 (webtiles) character file.

786 Chiseanne the Skirmisher (level 7, -8/48 (49) HPs)
             Began as an Octopode Warper on Nov 5, 2016.
             Mangled by a phantom (9 damage)
             ... on level 5 of the Dungeon.
             The game lasted 00:11:06 (3708 turns).

Chiseanne the Skirmisher (Octopode Warper)          Turns: 3708, Time: 00:11:08

HP:   -8/48 (49)    AC:  1    Str: 10    XL:     7   Next: 87%
MP:   4/13          EV: 15    Int: 15    God:
Gold: 177           SH:  2    Dex: 14    Spells: 3 memorised, 7 levels left

rFire  . . .     SeeInvis .     a - +6 dagger (venom)
rCold  . . .     Gourm    .     (no shield)
rNeg   . . .     Faith    .     (helmet restricted)
rPois  .         Spirit   .     B - +2 amulet of reflection
rElec  .         Reflect  +     (no ring)
rCorr  .         Harm     .     (no ring)
MR     .....                    (no ring)
Stlth  +++.......               (no ring)
                                (no ring)
                                (no ring)
                                (no ring)
                                (no ring)

@: no status effects
A: almost no armour, stealthy swim, amphibious, 8 rings, constrict 8, camouflage
1, gelatinous body 1
a: no special abilities


You were on level 5 of the Dungeon.
You were not hungry.

You visited 1 branch of the dungeon, and saw 6 of its levels.

You collected 177 gold pieces.

Inventory:

Hand Weapons
 a - a +6 dagger of venom (weapon)
 k - a +0 whip of flaming
Missiles
 d - a tomahawk of dispersal (quivered)
 e - 123 stones
 g - 50 sling bullets
 l - 4 tomahawks of returning
 q - 34 arrows
 t - 18 bolts
 u - 17 poisoned needles
Magical Staves
 y - an uncursed staff of cold
Jewellery
 B - a +2 amulet of reflection (around mantle)
Scrolls
 c - a scroll of blinking
 h - 3 scrolls of remove curse
 j - 3 scrolls of magic mapping
 r - a scroll of amnesia
 C - a scroll of recharging
Potions
 m - a potion of magic
 o - 3 potions of heal wounds
 s - a potion of resistance {unknown}
 w - 5 potions of curing
 x - a potion of cancellation {unknown}
 z - a potion of brilliance {unknown}
Books
 b - a book of Spatial Translocations

   Spells                             Type                      Level
   a - Blink                          Translocation                2
   b - Shroud of Golubria             Charms/Translocation         2
   c - Lesser Beckoning               Translocation                3
   d - Portal Projectile              Translocation                3
   e - Teleport Other                 Translocation                3
   f - Passage of Golubria            Translocation                4
Comestibles
 f - 7 bread rations
 i - 3 slices of pizza
 n - 2 beef jerkies
 p - a royal jelly
 v - 2 meat rations


   Skills:
 * Level 4.7 Fighting
 - Level 2.0 Short Blades
 - Level 1.0 Throwing
 * Level 4.5 Dodging
 - Level 3.0 Stealth
 * Level 4.4 Spellcasting
 * Level 4.6 Translocations


You had 7 spell levels left.
You knew the following spells:

 Your Spells              Type           Power        Failure   Level  Hunger
a - Blink                 Tloc           N/A          4%          2    ##.....
b - Shroud of Golubria    Chrm/Tloc      ##........   12%         2    ##.....
c - Lesser Beckoning      Tloc           ###.......   10%         3    ###....


Dungeon Overview and Level Annotations

Branches:
Dungeon (6/15)
 Temple: D:4-7

Altars:
Ru


Innate Abilities, Weirdness & Mutations

You cannot wear most types of armour.
You are very stealthy in the water. (Stealth+)
You are amphibious.
You can wear up to eight rings at the same time.
You can use your tentacles to constrict eight enemies at once.
Your skin changes colour to match your surroundings (Stealth+).
Your rubbery body absorbs attacks. (AC +1, EV +1)


Message History

You blink.
Eat a chunk of flesh? (ye/n/q)
You start eating the chunk of flesh.
This raw flesh tastes terrible.
Casting: Blink
Confirm with . or Enter, or press ? or * to list all spells.
You blink.
There is a stone staircase leading up here.
You climb upwards.
The adder bites you. The ice beast hits you. The ice beast freezes you!
* * * LOW HITPOINT WARNING * * *
The phantom hits you!
* * * LOW HITPOINT WARNING * * *
The adder misses you.
There is a stone staircase leading down, spattered with blood here.
Casting: Blink
Confirm with . or Enter, or press ? or * to list all spells.
You blink.
The phantom hits you!
You die...

...........# +...........#
..#......... #...........#
..#.#######+#+# #...........#
..'.# #....##+######........#
..###### #.....................#
.......# +...........).........#
.......#+#.....................#
.............>YS...............#
...............W@......#####....
.............#.........# ....
.............#........... ..
.............#..(........
.............#...........
.............#..........
..#..........#..........
..#..... ########... ..# ...


You could see a phantom, an ice beast and an adder.

Vanquished Creatures
  Pikel (D:4)
  A crimson imp (D:6)
  An orc priest (D:3)
  A hound (D:4)
  2 orc wizards
  2 worker ants (D:5)
  7 adders
  An ooze (D:1)
  A worm (D:2)
  6 dart slugs
  A leopard gecko (D:2)
  8 orcs (D:3)
  A ball python (D:3)
  2 giant cockroaches
  3 goblins
  8 hobgoblins
  2 jackals
  7 kobolds
  A ball python skeleton (D:4)
  5 bats
  6 frilled lizards
  A jackal skeleton (D:4)
  6 rats
74 creatures vanquished.

Vanquished Creatures (others)
  A slave (D:4)
  A worker ant (D:4)
  A leopard gecko (D:4)
  A giant cockroach (D:4)
  A ball python (D:4)
5 creatures vanquished.

Grand Total: 79 creatures vanquished

Notes
Turn   | Place    | Note
-------+----------+-------------------------------------------
     0 | D:1      | Chiseanne the Octopode Warper began the quest for the Orb.
     0 | D:1      | Reached XP level 1. HP: 14/14 MP: 3/3
    64 | D:1      | Reached skill level 1 in Stealth
    96 | D:1      | Reached XP level 2. HP: 2/19 MP: 5/5
   820 | D:1      | Reached XP level 3. HP: 24/25 MP: 6/6
  1111 | D:2      | Found a sacrificial altar of Ru.
  1116 | D:2      | Reached XP level 4. HP: 29/30 MP: 7/7
  1636 | D:2      | Learned a level 2 spell: Blink
  1639 | D:2      | Learned a level 2 spell: Shroud of Golubria
  1643 | D:2      | Learned a level 3 spell: Lesser Beckoning
  1717 | D:3      | Reached XP level 5. HP: 34/36 MP: 9/9
  2481 | D:4      | Reached XP level 6. HP: 40/42 MP: 10/10
  2544 | D:4      | Noticed Pikel
  2545 | D:4      | Noticed a slave
  2545 | D:4      | Noticed a slave
  2545 | D:4      | Noticed a slave
  2546 | D:4      | Noticed a slave
  2562 | D:4      | Killed Pikel
  2562 | D:4      | Reached XP level 7. HP: 7/49 MP: 9/13
  3360 | D:5      | Entered Level 5 of the Dungeon
  3706 | D:5      | HP: 1/48 [phantom (8)]
  3708 | D:5      | Mangled by a phantom

Skill      XL: |  1  2  3  4  5  6 |
---------------+-------------------+-----
Stealth        | 1 2 3 |  3.0
Fighting       | 3 4 |  4.7
Dodging        | 3 4 |  4.5
Spellcasting   | 3 4 |  4.4
Translocations | 4 |  4.6
Short Blades   | |  2.0
Throwing       | |  1.0

Action                   |  1- 3 |  4- 6 |  7- 9 || total
-------------------------+-------+-------+-------++-------
Melee: Short sword       |    43 |       |       ||    43
       Tentacles         |    14 |    14 |     4 ||    32
       Constrict         |    11 |    16 |     7 ||    34
       Dagger            |       |    78 |    25 ||   103
Throw: Tomahawk          |       |     4 |       ||     4
 Cast: Shroud of Golubri |       |     1 |       ||     1
       Blink             |       |       |    13 ||    13
  Use: Scroll            |     2 |    11 |     4 ||    17
       Potion            |       |     2 |       ||     2
 Stab: Sleeping          |     1 |     8 |     2 ||    11
       Paralysed         |       |     1 |       ||     1
  Eat: Chunk             |     1 |     4 |     4 ||     9
Armor: Skin              |     2 |     2 |       ||     4
Dodge: Dodged            |    21 |    36 |    20 ||    77
Block: Other             |       |       |     1 ||     1
